 Seeded DCSS version 0.30.1-11-g7821555f0a (webtiles) character file.

Game seed: 430007637681659361 (custom seed)

36 strifetoe the Shooter (level 3, 0/20 HPs)
             Began as a Kobold Hexslinger on Nov 10, 2023.
             Slain by a goblin
             ... wielding a +0 club
             ... led by Robin
              (5 damage)
             ... on level 4 of the Dungeon.
             The game lasted 00:01:55 (898 turns).

strifetoe the Shooter (Kobold Hexslinger)            Turns: 898, Time: 00:01:56

Health: 0/20       AC:  2    Str:  7    XL:     3   Next: 57%
Magic:  4/4        EV: 15    Int: 14    God:
Gold:   50         SH:  0    Dex: 17    Spells: 3/4 levels left

rFire   . . .        a - +1 sling
rCold   . . .        (no shield)
rNeg    . . .        c - +0 robe
rPois   .            (no helmet)
rElec   .            (no cloak)
rCorr   .            (no gloves)
SInv    .            (no boots)
Will    .....        (no amulet)
Stlth   +++          (no ring)
HPRegen 0.23/turn    (no ring)
MPRegen 0.09/turn

%: no passive effects
@: no status effects
A: small, no large weapons, nightstalker 3
a: no special abilities


You were on level 4 of the Dungeon.
You visited 1 branch of the dungeon, and saw 3 of its levels.

You collected 50 gold pieces.

Inventory:

Hand Weapons
 a - a +1 sling (weapon)
 l - a +1 whip of electrocution
Armour
 c - a +0 robe (worn)
Jewellery
 j - a ring of flight
Scrolls
 b - a scroll of poison
 d - a scroll of fear {unknown}
 e - 2 scrolls of noise {unknown}
 g - a scroll of brand weapon {unknown}
 h - a scroll of vulnerability {unknown}
 m - a scroll of identify {unknown}
Potions
 f - a potion of cancellation {unknown}
 i - a potion of ambrosia {unknown}
 k - a potion of curing {unknown}


   Skills:
 - Level 1.1 Fighting
 + Level 5.0 Ranged Weapons
 - Level 2.4 Dodging
 - Level 1.1 Spellcasting
 - Level 3.0 Hexes


You had 3 spell levels left.
You knew the following spells:

 Your Spells              Type           Power      Damage    Failure   Level
a - Slow                  Hex            36%        N/A       8%          1

Your spell library contained the following spells:

 Spells                   Type           Power      Damage    Failure   Level
 Inner Flame              Hex/Fire       4%         N/A       38%         3
 Portal Projectile        Hex/Tloc       8%         N/A       38%         3
 Cause Fear               Hex            4%         N/A       58%         4
 Animate Dead             Necr           0%         N/A       95%         4
 Haunt                    Necr/Summ      0%         N/A       100%        7
 Infestation              Necr           0%         N/A       100%        8


Dungeon Overview and Level Annotations

Branches:
Dungeon (2/15)

Altars:

Annotations:
D:4 Robin


Innate Abilities, Weirdness & Mutations

You are small and have problems with some larger weapons.
You are completely attuned to the shadows.


Message History

You hear a shout!
You shoot a sling bullet. The sling bullet barely misses Robin.
You hear a shout!
A goblin comes into view. It is wielding a +0 club.
You hear a shout!
You shoot a sling bullet. The goblin shouts!
The sling bullet hits Robin.
Robin is moderately wounded.
You hear a shout!
Robin throws the goblin at you!
You shoot a sling bullet. The sling bullet hits the goblin.
You kill the goblin!
A goblin comes into view. It is wielding a +0 club.
Robin closely misses you.
Robin hits you from afar with a +0 spear.
Your Ranged Weapons skill increases to level 5!
You shoot a sling bullet. The sling bullet hits Robin!
Robin is severely wounded.
Robin hits you from afar with a +0 spear.
A goblin comes into view. It is wielding a +0 club.
You shoot a sling bullet.
The sling bullet hits Robin but does no damage.
Robin is severely wounded.
Robin throws the goblin at you!
You shoot a sling bullet.
The sling bullet closely misses the goblin.
The goblin barely misses you. Robin throws the goblin at you!
You shoot a sling bullet.
The sling bullet barely misses the goblin.
The goblin hits you with a +0 club.
A goblin comes into view. It is wielding a +0 dagger.
Robin hits you but does no damage. The goblin hits you with a +0 club.
You shoot a sling bullet.
The sling bullet closely misses the goblin.
The goblin closely misses you.
Robin hits you from afar with a +0 spear.
* * * LOW HITPOINT WARNING * * *
The goblin hits you with a +0 club.
You die...

#.#.# #.#g #g.
####.# .$.g@#
####g# ##+## #.#
##...## #.#
#.....## ##.#
.......## ##..#
........####...##
........'.......#
.....:..####...##


You could see Robin and 3 goblins.

Vanquished Creatures
  A dart slug (D:1)
  An endoplasm (D:1)
  3 giant cockroaches (D:1)
  4 goblins
  4 hobgoblins
  2 quokkas (D:1)
  5 ball pythons (D:1)
  6 bats (D:1)
  A frilled lizard (D:1)
  A kobold (D:1)
  4 rats (D:1)
32 creatures vanquished.

Notes
Turn   | Place    | Note
-------+----------+-------------------------------------------
     0 | D:1      | strifetoe the Kobold Hexslinger began the quest for the
                  | Orb.
     0 | D:1      | Reached XP level 1. HP: 12/12 MP: 2/2
    52 | D:1      | Reached skill level 3 in Ranged Weapons
   122 | D:1      | Reached XP level 2. HP: 16/16 MP: 3/3
   346 | D:1      | Reached skill level 4 in Ranged Weapons
   570 | D:1      | Reached XP level 3. HP: 20/20 MP: 4/4
   868 | D:2      | You fall into a shaft and drop 2 floors!
   888 | D:4      | Noticed Robin
   894 | D:4      | Reached skill level 5 in Ranged Weapons
   898 | D:4      | Slain by a goblin

Illustrated notes

Levels and vault maps discovered:
D:1:      wander_arrival_chamber, layout_basic, kennysheep_boxes
D:2:      layout_rooms, dilly_ecumenical_altar_fadedgnrine, basic_altar,
          uniq_terence
D:4:      layout_loops_corners, minmay_temple_entry_junction_2,
          minmay_joined_circles, uniq_robin, uniq_duvessa

Skill      XL: |  1  2  3 |
---------------+----------+-----
Ranged Weapons | 3 4 5 |  5.0
Fighting       | |  1.1
Dodging        | |  2.4
Spellcasting   | |  1.1
Hexes          | |  3.0

Action                     || total
---------------------------++-------
   Fire: Sling             ||    87
   Cast: Slow              ||     3
 Armour: Robe              ||     5
  Dodge: Dodged            ||    31
